 Dungeon Sprint DCSS version 0.17-a0-2147-gfb20a63 (webtiles) character file.

522 esc the Fighter (level 7, 0/62 HPs)
             Began as a Demonspawn Gladiator on Oct 24, 2015.
             Was an Initiate of Okawaru.
             Slain by a hill giant
             ... wielding a +0 giant club
              (10 damage)
             ... in the Dungeon (Sprint IX: "|||||||||||||||||||||||||||||").
             The game lasted 00:01:54 (257 turns).

esc the Fighter (Demonspawn Gladiator)               Turns: 257, Time: 00:01:54

Health: 0/62       AC: 16    Str: 16    XL:     7   Next: 2%
Magic:  7/11       EV: 11    Int:  9    God:    Okawaru [......]
Gold:   0          SH:  0    Dex: 21    Spells: 0 memorised, 6 levels left

rFire  . . .     SeeInvis +     q - +2 halberd (protect)
rCold  . . .     Clarity  .     s - +1 chain mail
rNeg   . . .     SustAt   .     (no shield)
rPois  .         Gourm    .     (helmet unavailable)
rElec  .         Spirit   .     (no cloak)
rCorr  .         Warding  .     (no gloves)
rMut   .         NoTele   +     r - +0 pair of boots
MR     .....                    (no amulet)
Stlth  +.........               u - +3 ring of dexterity
                                t - +3 ring of dexterity

@: not resistant to hostile enchantments, very unstealthy
A: antennae 3, nightstalker 2
a: Renounce Religion


You were in the Dungeon.
You worshipped Okawaru.
Okawaru was noncommittal.
You were not hungry.

You visited 1 branch

Inventory:

Hand Weapons
 q - a +2 halberd of protection (weapon)
   (You found it in the Dungeon)
Missiles
 d - 3 throwing nets {=f, !d}
Armour
 r - a +0 pair of boots (worn)
   (You found it in the Dungeon)
 s - a +1 chain mail (worn)
   (You found it in the Dungeon)
Magical Staves
 o - an uncursed staff of energy {@w1+MP, hungerless spells, !d!a}
   (You found it in the Dungeon)
Jewellery
 t - a +3 ring of dexterity (left hand)
   (You found it in the Dungeon)
 u - a +3 ring of dexterity (right hand)
   (You found it in the Dungeon)
Wands
 p - a wand of fire (6)
   (You found it in the Dungeon)
Scrolls
 k - 2 scrolls of blinking {!r}
 m - 3 scrolls of remove curse
 n - 2 scrolls of amnesia
Potions
 f - 5 potions of curing
 g - 3 potions of heal wounds
 h - a potion of haste
 i - 4 potions of magic
 j - a potion of invisibility
Comestibles
 e - a bread ration {@e1}
 l - 5 chunks of flesh {@w0}


   Skills:
 + Level 8.0 Fighting
 + Level 7.5 Polearms
 - Level 1.7 Throwing
 + Level 4.3 Armour
 + Level 7.5 Dodging
 + Level 6.2 Invocations


You had 6 spell levels left.
You didn't know any spells.

Dungeon Overview and Level Annotations

Branches:
Dungeon (1/1)

Altars:
Cheibriados
Dithmenos
Elyvilon
Fedhas
Gozag
Kikubaaqudgha
Makhleb
Nemelex Xobeh
Okawaru
Qazlal
Ru
Sif Muna
Trog
Vehumet
Xom
Yredelemnul
Zin
The Shining One
Beogh
Jiyva
Lugonu


Innate Abilities, Weirdness & Mutations

You have a pair of large antennae on your head (SInv).
You are significantly more attuned to the shadows.


Message History

You continue taking off your +0 leather armour. x4
You finish taking off your +0 leather armour.
You start putting on your armour.
You continue putting on your +1 chain mail. x5
You finish putting on your +1 chain mail.
You start resting.
Some of the chunks of flesh in your inventory have rotted away.
Health restored: 46 Drop what? 21/52 slots (_ for help) (? for menu, Esc to quit)
You drop a +0 leather armour.
You drop a +0 helmet.
Drop what? 19/52 slots (_ for help) (? for menu, Esc to quit)
You drop a +0 trident.
You open the door.
A giant frog, a scorpion, a gargoyle and 2 skeletons come into view.
The giant frog gives a loud, deep croak!
Okay, then.
You slash the quokka skeleton!
You destroy the quokka skeleton!
You closely miss the giant frog.
The giant frog hits you but does no damage.
The giant frog hits you.
You take 3 damage, and have 43/46 hp.
You hit the giant frog.
The giant frog hits you but does no damage.
The giant frog hits you.
A hill giant comes into view. It is wielding a giant club.
You take 4 damage, and have 39/46 hp.
You completely miss the giant frog.
The giant frog hits you but does no damage.
The giant frog completely misses you.
You puncture the giant frog!
The giant frog hits you but does no damage.
You slash the giant frog!
You kill the giant frog!
Okawaru accepts your kill.
Your Armour skill gained 2 levels and is now at level 2!
Your Dodging skill increases to level 6!
Your Invocations skill gained 3 levels and is now at level 3!
You hit the scorpion.
The scorpion stings you but does no damage.
You puncture the scorpion!
You kill the scorpion!
Okawaru accepts your kill.
Your Fighting skill increases to level 7!
You hit the adder skeleton.
The adder skeleton bites you but does no damage.
Drink which item? (? for menu, Esc to quit)
Okay, then.
Okay, then.
Aim: an adder skeleton The bolt of fire hits the adder skeleton.
You destroy the adder skeleton!
Okawaru accepts your kill.
You have reached level 6!
Your experience leads to an increase in your attributes!
Your base attributes are Str 16, Int 9, Dex 14.
Increase (S)trength, (I)ntelligence, or (D)exterity?
You feel agile.
Your demonic ancestry asserts itself...
The antennae on your head grow some more.
The bolt of fire hits the gargoyle.
The bolt of fire hits the hill giant.
This wand has 6 charges left.
You regained 5 hp, and now have 45/55 hp.
You hit the gargoyle. The gargoyle misses you.
You hit the gargoyle but do no damage.
The gargoyle hurls a stone arrow at you.
The stone arrow hits you!
You take 4 damage, and have 41/55 hp.
You slash the gargoyle! The gargoyle closely misses you.
You hit the gargoyle.
You destroy the gargoyle!
Your Fighting skill increases to level 8!
Your Polearms skill increases to level 7!
Your Armour skill gained 2 levels and is now at level 4!
Your Dodging skill increases to level 7!
Your Invocations skill gained 3 levels and is now at level 6!
You have reached level 7!
Your demonic ancestry asserts itself...
You slip further into the darkness.
You regained 4 hp, and now have 46/62 hp.
You barely miss the hill giant.
The hill giant hits you with a giant club!!
You take 19 damage, and have 27/62 hp.
MASSIVE DAMAGE!!
You hit the hill giant.
The hill giant hits you with a giant club!
* * * LOW HITPOINT WARNING * * *
You take 13 damage, and have 14/62 hp.
MASSIVE DAMAGE!!
You puncture the hill giant!
The hill giant hits you with a giant club.
* * * LOW HITPOINT WARNING * * *
You take 4 damage, and have 10/62 hp.
You puncture the hill giant! The hill giant barely misses you.
Your chain mail prevents you from hitting the hill giant.
The hill giant barely misses you.
You hit the hill giant but do no damage.
You slash the hill giant!
The hill giant hits you with a giant club!
You die... ▓▓▓▓▓▓▓▓▓▓▓▓▓▓▓▓▓▓▓▓▓▓▓ .....C@..[.)...'_______ ▓▓▓▓▓▓▓▓▓▓▓▓▓▓▓▓▓▓▓▓▓▓▓ {{{{{{{{ {{{{{{{{{ {

You could see a hill giant.

Vanquished Creatures
  A gargoyle (D)
  An ogre (D)
  A giant frog (D)
  A scorpion (D)
  A hound (D)
  A worker ant (D)
  An adder skeleton (D)
  A bat (D)
  A bat zombie (D)
  2 kobolds (D)
  A quokka (D)
  A quokka skeleton (D)
  2 rats (D)
15 creatures vanquished.

Vanquished Creatures (others)
  A spatial maelstrom (D)
1 creature vanquished.

Grand Total: 16 creatures vanquished

Notes
Turn   | Place    | Note
--------------------------------------------------------------
     0 | D        | esc the Demonspawn Gladiator began the quest for the Orb.
     0 | D        | Reached XP level 1. HP: 16/16 MP: 1/1
     8 | D        | Banished a spatial maelstrom
    12 | D        | Reached skill level 3 in Polearms
    12 | D        | Reached skill level 3 in Dodging
   121 | D        | Noticed an ogre
   121 | D        | Noticed a hound
   121 | D        | Noticed a worker ant
   123 | D        | Killed a worker ant
   123 | D        | Reached skill level 4 in Fighting
   123 | D        | Reached skill level 4 in Polearms
   123 | D        | Reached skill level 4 in Dodging
   123 | D        | Gained mutation: You have a pair of small antennae on your head. [demonic ancestry]
   123 | D        | Reached XP level 2. HP: 25/25 MP: 2/2
   123 | D        | Gained mutation: You are slightly more attuned to the shadows. [demonic ancestry]
   123 | D        | Reached XP level 3. HP: 30/30 MP: 3/3
   133 | D        | Killed a hound
   137 | D        | Killed an ogre
   137 | D        | Reached skill level 6 in Fighting
   137 | D        | Reached skill level 6 in Polearms
   137 | D        | Reached skill level 5 in Dodging
   137 | D        | Gained mutation: You have a pair of antennae on your head. [demonic ancestry]
   137 | D        | Reached XP level 4. HP: 38/40 MP: 4/4
   137 | D        | Reached XP level 5. HP: 43/46 MP: 5/5
   149 | D        | Found a glowing silver altar of Zin.
   149 | D        | Found a glowing golden altar of the Shining One.
   149 | D        | Found an ancient bone altar of Kikubaaqudgha.
   149 | D        | Found a basalt altar of Yredelemnul.
   149 | D        | Found a shimmering altar of Xom.
   150 | D        | Found a radiant altar of Vehumet.
   151 | D        | Found an iron altar of Okawaru.
   152 | D        | Found a burning altar of Makhleb.
   153 | D        | Found a deep blue altar of Sif Muna.
   154 | D        | Found a bloodstained altar of Trog.
   155 | D        | Found a sparkling altar of Nemelex Xobeh.
   156 | D        | Found a white marble altar of Elyvilon.
   157 | D        | Found a roughly hewn altar of Beogh.
   158 | D        | Became a worshipper of Warmaster Okawaru
   159 | D        | Found a viscous altar of Jiyva.
   160 | D        | Found a corrupted altar of Lugonu.
   161 | D        | Found a blossoming altar of Fedhas.
   162 | D        | Found a snail-covered altar of Cheibriados.
   163 | D        | Found a shadowy altar of Dithmenos.
   164 | D        | Found a stormy altar of Qazlal.
   165 | D        | Found an opulent altar of Gozag.
   166 | D        | Found a sacrificial altar of Ru.
   236 | D        | Noticed a gargoyle
   236 | D        | Noticed a scorpion
   236 | D        | Noticed a giant frog
   240 | D        | Noticed a hill giant
   242 | D        | Killed a giant frog
   242 | D        | Reached skill level 2 in Armour
   242 | D        | Reached skill level 6 in Dodging
   242 | D        | Reached skill level 3 in Invocations
   244 | D        | Killed a scorpion
   244 | D        | Reached skill level 7 in Fighting
   246 | D        | Gained mutation: You have a pair of large antennae on your head (SInv). [demonic ancestry]
   246 | D        | Reached XP level 6. HP: 45/55 MP: 5/8
   250 | D        | Killed a gargoyle
   250 | D        | Reached skill level 8 in Fighting
   250 | D        | Reached skill level 7 in Polearms
   250 | D        | Reached skill level 4 in Armour
   250 | D        | Reached skill level 7 in Dodging
   250 | D        | Reached skill level 6 in Invocations
   250 | D        | Gained mutation: You are significantly more attuned to the shadows. [demonic ancestry]
   250 | D        | Reached XP level 7. HP: 46/62 MP: 5/11
   252 | D        | HP: 14/62 [hill giant/giant club (13)]
   257 | D        | Slain by a hill giant

Vault maps used:
D:        linesprint

Action                   |  1- 3 |  4- 6 |  7- 9 || total
-------------------------+-------+-------+-------++-------
Melee: Trident           |    39 |     1 |       ||    40
       Halberd           |       |    13 |     7 ||    20
Evoke: Wand              |       |     1 |       ||     1
  Use: Potion            |     1 |       |       ||     1

Vault maps used:
D:        linesprint

Table legend:
 A = Turns spent in this place as a percentage of turns spent in the entire game.
 B = Non-inter-level travel turns spent in this place as a percentage of non-inter-level travel turns spent in the entire game.
 C = Inter-level travel turns spent in this place as a percentage of turns spent in this place.
 D = Turns resting spent in this place as a percentage of non-inter-level travel turns spent in this place.
 E = Turns spent auto-exploring this place as a percentage of non-inter-level travel turns spent in this place.
 F = Non-inter-level travel turns spent in this place divided by the number of levels of this place that you've seen.
                   A       B       C       D       E      F
               +-------+-------+-------+-------+-------+----------------------
         Total | 100.0 | 100.0 |   0.0 |   2.6 |   0.0 | 155.0
       Dungeon | 100.0 | 100.0 |   0.0 |   2.6 |   0.0 | 155.0
               +-------+-------+-------+-------+-------+----------------------

Table legend:
 A = Kills in this place as a percentage of kills in entire the game.
 B = Kills by you in this place as a percentage of kills by you in the entire game.
 C = Kills by friends in this place as a percentage of kills by friends in the entire game.
 D = Other kills in this place as a percentage of other kills in the entire game.
 E = Experience gained in this place as a percentage of experience gained in the entire game.
 F = Experience gained in this place divided by the number of levels of this place that you have seen.
                   A       B       C       D       E      F
               +-------+-------+-------+-------+-------+----------------------
         Total | 100.0 | 100.0 |  -nan |  -nan | 100.0 | 747.0
       Dungeon | 100.0 | 100.0 |  -nan |  -nan | 100.0 | 747.0
               +-------+-------+-------+-------+-------+----------------------
